 Dungeon Crawl Stone Soup version 0.14.2 (webtiles) character file.

158 rftp080 the Magician (level 4, -1/24 HPs)
             Began as a Deep Elf Wizard on May 31, 2016.
             Was an Initiate of Vehumet.
             Engulfed by a cloud of flame (25 damage)
             ... on Level 3 of the Dungeon.
             The game lasted 00:04:13 (2289 turns).

rftp080 the Magician (Deep Elf Wizard)              Turns: 2289, Time: 00:04:13

HP  -1/24        AC  2     Str  4      XL: 4   Next:  3%
MP  13/15        EV 12     Int 24      God: Vehumet [......]
Gold 88          SH  0     Dex 13      Spells:  5 memorised,  1 level left

rFire  . . .     SeeInvis .     (no weapon)
rCold  . . .     Clarity  .     a - +0 robe
rNeg   . . .     Conserve .     (no shield)
rPois  .         rCorr    .     b - +0 hat
rElec  .         rRot     .     (no cloak)
SustAb . .       Spirit   .     (no gloves)
rMut   +         Warding  .     (no boots)
Saprov . . .     Stasis   .     r - amulet of resist mutation {unknown}
MR     .....                    (no ring)
                                v - ring of regeneration

@: not resistant to hostile enchantments, fairly stealthy
A: no striking features
a: Renounce Religion


You were on level 3 of the Dungeon.
You worshipped Vehumet.
Vehumet was noncommittal.
You were hungry.

You visited 1 branch of the dungeon, and saw 3 of its levels.

You collected 88 gold pieces.

Inventory:

Armour
 a - a +0 robe (worn)
 b - a +0 hat (worn)
Comestibles
 d - 2 bread rations
 g - 7 meat rations
 i - a choko
 o - a pear
Scrolls
 h - 2 scrolls of amnesia {unknown}
 l - 4 scrolls of identify {unknown}
 m - 2 scrolls of remove curse {unknown}
 n - a scroll of recharging {unknown}
 p - a scroll of enchant weapon II {unknown}
 t - a scroll of fear {unknown}
 u - a scroll of enchant armour {unknown}
Jewellery
 f - an uncursed amulet of stasis {unknown}
 r - an amulet of resist mutation (around neck) {unknown}
 v - a ring of regeneration (left hand)
Potions
 e - a potion of magic {unknown}
 j - a potion of curing {unknown}
 k - a potion of degeneration {unknown}
 q - a potion of heal wounds {unknown}
Books
 c - a book of Minor Magic

   Spells                             Type                      Level
   *Magic Dart                        Conjuration                  1
   *Blink                             Translocation                2
   *Call Imp                          Summoning                    2
   *Repel Missiles                    Charms/Air                   2
   Slow                               Hexes                        2
   Conjure Flame                      Conjuration/Fire             3
   *Mephitic Cloud                    Conjuration/Poison/Air       3


   Skills:
 - Level 2.4 Dodging
 - Level 2.4 Stealth
 - Level 4.4 Spellcasting
 + Level 4.3 Conjurations
 - Level 1.1 Summonings
 - Level 1.1 Translocations


You had one spell level left.
You knew the following spells:

 Your Spells              Type           Power        Failure   Level  Hunger
a - Magic Dart            Conj           ####         1%          1    None
b - Blink                 Tloc           N/A          12%         2    None
c - Repel Missiles        Chrm/Air       #.....       14%         2    None
d - Call Imp              Summ           ##......     12%         2    None
e - Mephitic Cloud        Conj/Pois/Air  ##......     17%         3    ##.....


Dungeon Overview and Level Annotations

Branches:
Dungeon (3/15)

Altars:
Vehumet


Message History

v - an encrusted ruby ring Put on which piece of jewellery? (? for menu, Esc to quit)
You remove your thick jasper amulet {tried}.
r - a square brass amulet (around neck) {tried} Put on which piece of jewellery? (? for menu, Esc to quit)
v - a ring of regeneration (left hand) Really walk into a travel-excluded area? [Y]es or [N]o only, please.
Really walk into a travel-excluded area? [Y]es or [N]o only, please.
Really walk into a travel-excluded area?
There is a radiant altar of Vehumet here.
You kneel at the altar of Vehumet.
Vehumet welcomes you!
Casting: Magic Dart
Confirm with . or Enter, or press ? or * to list all spells.
You blink.
You are engulfed in roaring flames.
Your scroll labeled YMOARY GREA catches fire!
Ouch! That really hurt!
You die...

.............#
..#####.####.#
.## #.# #.#
..#####.# #.#
#.....#>#
#.#####
..###.#.#
#.....# ###
#.#.# #.§§§§#
#.#.# ##..§..#
#.#.# #?.§§§@#
#.#.# #..§...#
#.#.# #.######
#.#.# #.#
#.#.# #.#
#####.#.# #.#
........# #.#
######### #.#
########.#


There were no monsters in sight!

Vanquished Creatures
  Jessica (D:2)
  A giant mite (D:3)
  A worm (D:2)
  A giant gecko (D:1)
  3 bats
  2 giant cockroaches (D:1)
  6 goblins
  7 hobgoblins
  5 kobolds
  A giant newt (D:1)
  A kobold zombie (D:2)
  11 rats
40 creatures vanquished.

Notes
Turn   | Place    | Note
--------------------------------------------------------------
     0 | D:1      | rftp080, the Deep Elf Wizard, began the quest for the Orb.
     0 | D:1      | Reached XP level 1. HP: 10/10 MP: 6/6
   217 | D:1      | Reached XP level 2. HP: 15/15 MP: 6/9
   247 | D:1      | Learned a level 2 spell: Blink
   250 | D:1      | Learned a level 2 spell: Repel Missiles
   253 | D:1      | Learned a level 2 spell: Call Imp
  1101 | D:2      | Noticed Jessica
  1106 | D:2      | Killed Jessica
  1106 | D:2      | Reached XP level 3. HP: 19/19 MP: 2/12
  1111 | D:2      | Learned a level 3 spell: Mephitic Cloud
  2048 | D:3      | Reached XP level 4. HP: 24/24 MP: 11/15
  2277 | D:3      | Found a radiant altar of Vehumet.
  2288 | D:3      | Became a worshipper of Vehumet
  2289 | D:3      | Engulfed by a cloud of flame

Action                   |  1- 3 |  4- 6 || total
-------------------------+-------+-------++-------
Melee: Unarmed           |     2 |       ||     2
 Cast: Magic Dart        |    93 |     5 ||    98
       Blink             |       |     1 ||     1
